Map: El Dorado

Players

橙橙

  • Race: Zerg Zerg
  • League: Silver
  • Spawn Location: 7:00

llllllllllll - Winner!

  • Race: Zerg Zerg
  • League: Gold
  • Spawn Location: 5:00

VOD

Have the link to the VOD?

Description

Time

  • Played on: April 24, 2025, 10:22 a.m.
  • Length: 3:19
Show
View Real Time Build Order
Export as new Build Order

橙橙 Zerg 

Build Orders: Hatch First 

Get SALT Encoding   

  12  0:30  Hatchery  
  11  0:38  Overlord  
  11  0:43  Extractor  
  11  0:45  Drone  
  11  0:47  Drone  
  12  1:10  Spawning Pool  
  11  1:13  Drone  
  12  1:19  Drone  
  12  1:22  Drone  
  14  1:41  Drone  
  14  1:42  Drone  
  14  1:45  Drone  
  17  1:59  Metabolic Boost  
  17  2:06  Queen  
  19  2:12  Zergling x2  
  19  2:15  Zergling x2  
  20  2:19  Zergling x2  
  22  2:22  Zergling x2  
  22  2:27  Zergling x2  
  23  2:31  Zergling x2  
  23  2:35  Zergling x2  
  16  2:59  Zergling x6  
Show
View Real Time Build Order
Export as new Build Order

llllllllllll Zerg - Winner!

Build Orders: Pool First 

Get SALT Encoding   

  12  0:00  Drone  
  13  0:08  Drone  
  13  0:13  Extractor  
  13  0:29  Spawning Pool  
  13  0:34  Drone  
  13  0:39  Drone  
  14  0:49  Overlord  
  14  1:15  Zergling x6, Metabolic Boost  
  17  1:26  Zergling x2  
  18  1:40  Hatchery  
  18  1:43  Zergling x2  
  18  1:49  Zergling x2  
  19  2:01  Queen  
  19  2:06  Zergling x2  
  22  2:14  Overlord  
  22  2:32  Zergling x4  
  24  2:44  Zergling x2  
  23  2:53  Zergling x2  
  23  2:54  Zergling x2  
Tags
 
Matchup
ZvZ
Race
Zerg
Replay Pack
kreditionep1
Spawn Locations
Close Positions
Add a new tag
Caveats
  • Supply blocks, unpowered buildings, or Contaminate may cause inaccurate times.
  • Supply counts are checked every 10 seconds.